 Dungeon Crawl Stone Soup version 0.21.0-22-g11d5b52 (webtiles) character file.

69 Kurtz the Unweaver (level 4, -3/31 HPs)
             Began as an Octopode Abyssal Knight on Jan 18, 2018.
             Was a Follower of Lugonu.
             Slain by a leopard gecko (4 damage)
             ... on level 2 of the Dungeon.
             The game lasted 00:02:08 (1741 turns).

Kurtz the Unweaver (Octopode Abyssal Knight)        Turns: 1741, Time: 00:02:09

Health: -3/31      AC:  1    Str: 11    XL:     4   Next: 20%
Magic:  5/6        EV: 13    Int: 15    God:    Lugonu [*.....]
Gold:   80         SH:  0    Dex: 11    Spells: 2/5 levels left

rFire    . . .     SeeInvis .   i - +0 halberd
rCold    . . .     Gourm    .   (shield currently unavailable)
rNeg     . . .     Faith    .   (helmet restricted)
rPois    .         Spirit   .   (no amulet)
rElec    .         Reflect  .   (no ring)
rCorr    .         Harm     .   (no ring)
MR       .....                  (no ring)
Stlth    +++.......             (no ring)
HPRegen  0.10/turn              (no ring)
MPRegen  0.10/turn              (no ring)
                                (no ring)
                                (no ring)

@: no status effects
A: almost no armour, stealthy swim, amphibious, 8 rings, constrict 8, camouflage
1, gelatinous body 1
a: Depart the Abyss, Renounce Religion


You were on level 2 of the Dungeon.
You worshipped Lugonu.
Lugonu was aware of your devotion.
You were hungry.

You visited 1 branch of the dungeon, and saw 2 of its levels.
You visited the Abyss 1 time.

You collected 80 gold pieces.

Inventory:

Hand Weapons
 a - a +1 spear
 i - a +0 halberd (weapon)
Scrolls
 d - a scroll of identify {unknown}
 f - a scroll of blinking {unknown}
 g - 2 scrolls of remove curse {unknown}
Potions
 e - a potion of heal wounds {unknown}
 h - a potion of mutation {unknown}
 j - a potion of brilliance {unknown}
Books
 c - a book of Callings

   Spells                             Type                      Level
   a - Summon Small Mammal            Summoning                    1
   b - Call Imp                       Summoning                    2
   c - Call Canine Familiar           Summoning                    3
   d - Summon Guardian Golem          Hexes/Summoning              3
   e - Summon Lightning Spire         Summoning/Air                4
   f - Summon Ice Beast               Ice/Summoning                4
Comestibles
 b - 2 rations


   Skills:
 - Level 3.0 Fighting
 + Level 2.2 Polearms
 - Level 2.3 Dodging
 + Level 1.9 Stealth
 * Level 1.1 Spellcasting
 * Level 0.9 Summonings
 * Level 3.4 Invocations


You had 2 spell levels left.
You knew the following spells:

 Your Spells              Type           Power        Failure   Level  Hunger
a - Summon Small Mammal   Summ           #...         16%         1    ##.....
b - Call Imp              Summ           #.......     24%         2    ###....


Dungeon Overview and Level Annotations

Branches:
Dungeon (2/15)

Altars:

Annotations:
D:2 Robin


Innate Abilities, Weirdness & Mutations

You cannot wear most types of armour.
You are very stealthy in the water. (Stealth+)
You are amphibious.
You can wear up to eight rings at the same time.
You can use your tentacles to constrict eight enemies at once.
Your skin changes colour to match your surroundings (Stealth+).
Your rubbery body absorbs attacks. (AC +1, EV +1)


Message History

Unknown command.
You puncture the goblin!
You kill the goblin!
Lugonu accepts your kill. The goblin hits you but does no damage.
The leopard gecko bites you.
* * * LOW HITPOINT WARNING * * *
The goblin closely misses you.
Your iron imp hits the goblin!
The goblin dies!
Lugonu accepts your kill. The goblin hits you.
* * * LOW HITPOINT WARNING * * *
Okay, then.
Okay, then.
Unknown command.
Unknown command.
Unknown command.
Robin throws the goblin at you!
* * * LOW HITPOINT WARNING * * *
Your iron imp hits the goblin.
The leopard gecko bites you.
You die...

.....#.#.#######.# ###.
####.....##### #.# ..=.
#............###.##
#..##.##.....###......#
#.....##.#.#.# #####..#
###.....##.#.#.#######..#
...........#.#..........#
#......>g###+##########.#
###..g5@# #...... ##..l##
#.###.. ##g## #... #g
#.... g. ....... ...
###...# .##. ##.## .. #.
## .. .. ####


You could see Robin, a leopard gecko, a hobgoblin, 3 goblins and a friendly iron
imp.

Vanquished Creatures
  2 adders (D:2)
  An ooze (D:2)
  4 dart slugs
  A giant cockroach (D:1)
  8 goblins
  3 hobgoblins
  A quokka (D:2)
  4 bats
  4 frilled lizards
  3 rats (D:1)
31 creatures vanquished.

Vanquished Creatures (collateral kills)
  An adder (D:2)
  2 goblins (D:2)
  A hobgoblin (D:2)
4 creatures vanquished.

Grand Total: 35 creatures vanquished

Notes
Turn   | Place    | Note
-------+----------+-------------------------------------------
     0 | Abyss:1  | Kurtz the Octopode Abyssal Knight began the quest for the Orb.
     0 | Abyss:1  | Reached XP level 1. HP: 16/16 MP: 2/2
    36 | Abyss:2  | Found a corrupted altar of Lugonu.
    46 | Abyss:2  | Noticed a thrashing horror
    52 | D:1      | Escaped the Abyss
   379 | D:1      | Reached XP level 2. HP: 21/21 MP: 4/4
   480 | D:1      | Reached * piety under Lugonu
   606 | D:1      | Learned a level 1 spell: Summon Small Mammal
   855 | D:2      | Reached skill level 1 in Stealth
   855 | D:2      | Reached XP level 3. HP: 26/26 MP: 5/5
  1169 | D:2      | Learned a level 2 spell: Call Imp
  1692 | D:2      | Reached XP level 4. HP: 31/31 MP: 6/6
  1733 | D:2      | Noticed Robin
  1737 | D:2      | Reached skill level 1 in Spellcasting
  1741 | D:2      | HP: 1/31 [Robin/goblin (2)]
  1741 | D:2      | Slain by a leopard gecko

Skill      XL: |  1  2  3  4 |
---------------+-------------+-----
Invocations    | 3 |  3.4
Stealth        | 1 |  1.9
Spellcasting   | 1 |  1.1
Fighting       | |  3.0
Polearms       | |  2.2
Dodging        | |  2.3
Summonings     | |  0.9

Action                   |  1- 3 |  4- 6 || total
-------------------------+-------+-------++-------
Melee: Spear             |    49 |       ||    49
       Constrict         |    14 |     1 ||    15
       Tentacles         |     6 |       ||     6
       Halberd           |    22 |    10 ||    32
 Cast: Summon Small Mamm |     3 |       ||     3
       Call Imp          |     4 |     1 ||     5
Invok: Depart the Abyss  |     1 |       ||     1
 Stab: Sleeping          |     9 |       ||     9
  Eat: Chunk             |     2 |     1 ||     3
Armor: Skin              |     5 |     3 ||     8
Dodge: Dodged            |    30 |     8 ||    38
